 Dungeon Crawl Stone Soup version 0.26-a0-30-g56b8cd3df0 (webtiles) character file.

Game seed: 2285978676916176376, levelgen mode: deterministic

4649 Lanoc the Arsonist (level 10, -4/56 HPs)
             Began as a Halfling Fire Elementalist on May 30, 2020.
             Was a Believer of Vehumet.
             Slain by an orc warrior
             ... wielding a +0 trident
              (8 damage)
             ... on level 9 of the Dungeon.
             The game lasted 00:26:04 (11861 turns).

Lanoc the Arsonist (Halfling Fire Elementalist)    Turns: 11861, Time: 00:26:05

Health: -4/56      AC:  5    Str:  9    XL:     10   Next: 70%
Magic:  9/21       EV: 21    Int: 20    God:    Vehumet [**....]
Gold:   396        SH:  5    Dex: 16    Spells: 2/12 levels left

rFire    + . .     SeeInvis .   a - +0 hunting sling
rCold    + . .     Gourm    .   (shield restricted)
rNeg     . . .     Faith    .   l - +2 robe {rC+ rF+}
rPois    .         Spirit   .   r - +1 hat
rElec    .         Reflect  +   (no cloak)
rCorr    .         Harm     .   (no gloves)
MR       .....                  (no boots)
Stlth    ++........             o - amulet of reflection
HPRegen  0.18/turn              t - +6 ring of intelligence
MPRegen  0.17/turn              F - ring of magical power

@: mighty, very slightly contaminated
A: small, dopey 1, mutation resistance 1
a: Renounce Religion


You were on level 9 of the Dungeon.
You worshipped Vehumet.
Vehumet was pleased with you.
You were hungry.

You visited 2 branches of the dungeon, and saw 10 of its levels.

You collected 396 gold pieces.

Inventory:

Hand Weapons
 a - a +0 hunting sling (weapon)
 b - a +4 short sword of freezing
 j - a +1 vampiric dagger
Missiles
 g - 36 sling bullets
 u - 2 throwing nets
 E - 65 stones (quivered)
Armour
 l - a +2 robe of resistance (worn)
 p - a +0 kite shield
 r - a +1 hat (worn)
Jewellery
 i - an uncursed ring of protection from magic
 m - an uncursed ring of positive energy
 o - an amulet of reflection (around neck)
 t - a +6 ring of intelligence (left hand)
 D - an uncursed ring of see invisible
 F - a ring of magical power (right hand)
Wands
 h - a wand of flame (32)
Scrolls
 d - a scroll of noise {unknown}
 e - 2 scrolls of enchant weapon {unknown}
 f - a scroll of silence {unknown}
 k - 3 scrolls of teleportation {unknown}
 n - 10 scrolls of identify {unknown}
 s - 3 scrolls of fear {unknown}
 v - 2 scrolls of enchant armour {unknown}
 x - 4 scrolls of remove curse {unknown}
 y - 3 scrolls of amnesia {unknown}
 A - a scroll of blinking {unknown}
Potions
 q - 3 potions of stabbing
 w - a potion of cancellation
 B - 2 potions of curing
 G - a potion of brilliance
Comestibles
 c - 10 rations


   Skills:
 - Level 5.0 Slings
 + Level 8.8 Dodging
 - Level 2.1 Stealth
 - Level 1.5 Spellcasting
 + Level 4.6 Conjurations
 * Level 11.2 Fire Magic


You had 2 spell levels left.
You knew the following spells:

 Your Spells              Type           Power        Failure   Level  Hunger
a - Foxfire               Conj/Fire      ####         1%          1    #......
b - Sticky Flame          Conj/Fire      ####....     6%          4    #####..
c - Fireball              Conj/Fire      ####......   17%         5    ######.

Your spell library contained the following spells:

 Spells                   Type           Power        Failure   Level  Hunger
 Ignite Poison            Fire/Tmut/Pois ###.....     11%         3    ###....
 Conjure Flame            Conj/Fire      ####....     1%          3    ###....
 Inner Flame              Hex/Fire       ###.....     4%          3    ###....
 Confusing Touch          Hex            #.......     45%         3    ###....
 Gell's Gravitas          Tloc           #.........   45%         3    ###....
 Petrify                  Tmut/Erth      #.......     86%         4    #####..
 Metabolic Englaciation   Hex/Ice        #.........   99%         5    ######.
 Yara's Violent Unravell  Hex/Tmut       #.........   99%         5    ######.


Dungeon Overview and Level Annotations

Branches:
Dungeon (9/15)             Temple (1/1) D:4            Lair (0/6) D:8
    Orc: D:9-12

Altars:
Ashenzari
Cheibriados
Dithmenos
Elyvilon
Fedhas
Gozag
Hepliaklqana
Kikubaaqudgha
Makhleb
Nemelex Xobeh
Okawaru
Qazlal
Ru
Sif Muna
Uskayaw
Vehumet
Xom
Yredelemnul
Zin
The Shining One


Innate Abilities, Weirdness & Mutations

You are small and have problems with some larger weapons.
You are somewhat resistant to further mutation.
You are dopey. (Int -2)


Message History

The orc warrior is lightly wounded.
The foxfire hits the orc warrior.
The orc warrior is lightly wounded.
Casting: Foxfire (safe; 1% risk of failure)
Confirm with . or Enter, or press ? or * to list all spells.
The spell is quite dangerous to cast (17% risk of failure)!
Continue anyway?
Aiming: Fireball (quite dangerous; 17% risk of failure)
Press: ? - help, Shift-Dir - straight line You miscast Fireball.
You are very lightly contaminated with residual magic.
Energy rips through your body!
* * * LOW HITPOINT WARNING * * *
The orc warrior misses you.
The orc priest invokes the aid of Beogh against you.
Beogh smites you!
* * * LOW HITPOINT WARNING * * *
It was a potion of might.
You feel very mighty all of a sudden.
The orc warrior hits you from afar with a +0 trident!
You die...

#.....#..........#...#....
#....##..........#####....
#....#..................).
#....#.......)#'####......
#....#........#....#......
#....##.......#....#..####
# #.............#....#..#
#.#......_......#....#..#
#.######...@....#....#..#
#...............#....#..#
#+#.........oo....#....#
..................#
..................#
...............o..#
........###.......#
.#####++# #)[.<...#
#..)....#


You could see an orc warrior, an orc priest and an orc wizard.

Vanquished Creatures
  Psyche (D:8)
  2 hippogriffs (D:7)
  3 hogs (D:7)
  A yak (D:7)
  A human (D:7)
  Menkaure (D:7)
  4 orc warriors
  2 ice beasts
  2 sky beasts (D:7)
  An eye of draining (D:4)
  4 ogres
  A big kobold (D:7)
  Blork the orc (D:4)
  A gnoll sergeant (D:5)
  3 bullfrogs
  2 water moccasin skeletons
  2 scorpions
  7 wights
  A howler monkey (D:9)
  A bullfrog zombie (D:7)
  3 crimson imps
  An orc priest (D:7)
  3 jellies
  A centaur skeleton (D:8)
  6 hounds
  6 orc wizards
  2 iguanas
  4 worker ants
  2 worker ant zombies
  A howler monkey skeleton (D:8)
  13 adders
  12 gnolls
  A shadow imp (D:6)
  2 worms
  A dart slug (D:1)
  3 leopard geckos
  21 orcs
  4 ball pythons
  5 giant cockroaches
  7 goblins
  7 hobgoblins
  3 jackals (D:1)
  9 kobolds
  3 quokkas
  7 bats (D:1)
  5 frilled lizards
  2 rats (D:3)
175 creatures vanquished.

Vanquished Creatures (others)
  522 foxfires
522 creatures vanquished.

Grand Total: 697 creatures vanquished

Notes
Turn   | Place    | Note
-------+----------+-------------------------------------------
     0 | D:1      | Lanoc the Halfling Fire Elementalist began the quest for
                  | the Orb.
     0 | D:1      | Reached XP level 1. HP: 11/11 MP: 3/3
   119 | D:1      | Reached XP level 2. HP: 17/17 MP: 0/4
   545 | D:1      | Reached XP level 3. HP: 21/21 MP: 2/5
  1403 | D:2      | Reached skill level 1 in Slings
  1578 | D:2      | Reached XP level 4. HP: 19/27 MP: 1/6
  2141 | D:3      | Reached skill level 4 in Fire Magic
  2226 | D:3      | Found an opulent altar of Gozag.
  2761 | D:3      | Learned a level 4 spell: Sticky Flame
  3126 | D:4      | Reached XP level 5. HP: 31/31 MP: 4/7
  3273 | D:4      | Noticed Blork the orc
  3279 | D:4      | Killed Blork the orc
  3279 | D:4      | Reached skill level 5 in Fire Magic
  3279 | D:4      | Reached XP level 6. HP: 36/36 MP: 2/8
  4008 | D:4      | Noticed an eye of draining
  4019 | D:4      | Reached XP level 7. HP: 26/41 MP: 0/9
  4306 | D:4      | Reached skill level 6 in Fire Magic
  4850 | D:4      | Found a staircase to the Ecumenical Temple.
  4855 | Temple   | Entered the Ecumenical Temple
  4998 | Temple   | Became a worshipper of Vehumet
  5070 | D:5      | Entered Level 5 of the Dungeon
  5422 | D:5      | Reached skill level 5 in Slings
  5422 | D:5      | Reached skill level 5 in Dodging
  5485 | D:5      | Reached XP level 8. HP: 31/46 MP: 1/10
  5883 | D:6      | Reached skill level 7 in Fire Magic
  6322 | D:6      | Found a white marble altar of Elyvilon.
  7121 | D:6      | Learned a level 5 spell: Fireball
  7371 | D:7      | Reached skill level 8 in Fire Magic
  7677 | D:7      | Reached * piety under Vehumet
  7677 | D:7      | Offered knowledge of Magic Dart by Vehumet.
  7791 | D:7      | Reached skill level 1 in Conjurations
  7997 | D:7      | Reached XP level 9. HP: 37/51 MP: 1/11
  8205 | D:7      | Noticed a hippogriff
  8243 | D:7      | Killed a hippogriff
  8416 | D:7      | Noticed Menkaure
  8425 | D:7      | Killed Menkaure
  8877 | D:7      | Noticed a hippogriff
  8891 | D:7      | Killed a hippogriff
  8891 | D:7      | Reached skill level 9 in Fire Magic
  9558 | D:7      | Reached skill level 10 in Fire Magic
  9558 | D:7      | Reached XP level 10. HP: 27/56 MP: 1/12
 10068 | D:8      | Noticed Psyche
 10085 | D:8      | Gained mutation: You are dopey. (Int -2) [potion of
                  | mutation]
 10095 | D:8      | Killed Psyche
 10549 | D:8      | Offered knowledge of Shock by Vehumet.
 10567 | D:8      | Reached ** piety under Vehumet
 10670 | D:8      | Found a staircase to the Lair.
 11242 | D:8      | Reached skill level 11 in Fire Magic
 11361 | D:8      | Found a shattered altar of Ashenzari.
 11677 | D:9      | Found a snail-covered altar of Cheibriados.
 11852 | D:9      | Offered knowledge of Ignite Poison by Vehumet.
 11861 | D:9      | Slain by an orc warrior

Illustrated notes

Levels and vault maps discovered:
D:1:      nicolae_arrival_somewhat_less_tricky_arrival, layout_rooms
D:2:      layout_rooms, minmay_overflow_temple_star_quad, first_ration,
          minmay_indecisive_spiral, uniq_natasha
D:3:      layout_loops_ring, nicolae_gozag_seed_capital
D:4:      layout_rooms, minmay_temple_entry_nine_rooms, minmay_divided_ellipse,
          uniq_blork_the_orc
D:5:      layout_basic, serial_bayou, serial_bayou_pond_a, serial_bayou_pond_a,
          serial_bayou_shore_a, serial_bayou_pond_e
D:6:      layout_loops_corners, kennysheep_mini_moat
D:7:      layout_loops_ring, grunt_livestock, minmay_misc_feat_encased,
          uniq_menkaure
D:8:      layout_rooms, ashenzari_altar_1, lair_entry_dummy, minmay_holes,
          hangedman_abyss_or_decor_stagger, uniq_psyche
D:9:      wad_woods_minihive, layout_irregular_city, cheibriados_altar_1,
          minmay_quadrilaterals
Temple:   regret_index_temple_sphere_string

Skill      XL: |  1  2  3  4  5  6  7  8  9 10 |
---------------+-------------------------------+-----
Dodging        | 3 4 5 6 7 8 |  8.8
Slings         | 1 2 3 4 5 |  5.0
Fire Magic     | 4 5 6 8 10 11 | 11.2
Conjurations   | 1 3 4 |  4.6
Stealth        | |  2.1
Spellcasting   | |  1.5

Action                   |  1- 3 |  4- 6 |  7- 9 | 10-12 || total
-------------------------+-------+-------+-------+-------++-------
Melee: Unarmed           |     5 |       |       |       ||     5
       Dagger            |       |    80 |    91 |       ||   171
       Falchion          |       |       |       |     8 ||     8
 Fire: Hunting sling     |    44 |   145 |   394 |    76 ||   659
Throw: Throwing net      |       |     5 |       |       ||     5
 Cast: Foxfire           |    41 |    61 |   118 |   107 ||   327
       Sticky Flame      |       |       |     8 |    13 ||    21
  Use: Potion            |       |     5 |       |     4 ||     9
  Eat: Chunk             |     3 |     8 |    11 |     9 ||    31
       Ration            |       |       |     3 |     1 ||     4
Armor: Robe              |     9 |     6 |    15 |     8 ||    38
Dodge: Dodged            |    69 |    62 |   231 |    73 ||   435
Block: Other             |     1 |    28 |    72 |    21 ||   122
       Reflection        |       |     4 |     2 |       ||     6
       Rpst.: Falchion   |       |       |       |     1 ||     1

Table legend:
 A = Non-vault XP
 B = Vault XP
 C = Vault XP percentage of total XP
 D = Non-vault monster count
 E = Vault monster count
 F = Vault count percentage of total count
                 A         B        C        D         E       F
            +---------+---------+-------+---------+---------+-------
      Total |    4598 |    2044 |  30.8 |     159 |      16 |   9.1
            +---------+---------+-------+---------+---------+-------
        D:1 |      48 |       0 |   0.0 |      28 |       0 |   0.0
        D:2 |      27 |       0 |   0.0 |       6 |       0 |   0.0
        D:3 |      63 |       0 |   0.0 |      18 |       0 |   0.0
        D:4 |     259 |     443 |  63.1 |      17 |       8 |  32.0
        D:5 |     300 |       0 |   0.0 |      11 |       0 |   0.0
        D:6 |     280 |       0 |   0.0 |       6 |       0 |   0.0
        D:7 |    1981 |    1151 |  36.7 |      40 |       6 |  13.0
        D:8 |    1075 |     395 |  26.9 |      23 |       1 |   4.2
        D:9 |     565 |      55 |   8.9 |      10 |       1 |   9.1
            +---------+---------+-------+---------+---------+-------
